 Dungeon Crawl Stone Soup version 0.30.1-9-gdf580d7c3d (webtiles) character file.

Game seed: 15314833808707707594

2758 Zonian the Thaumaturge (level 9, 0/43 (45) HPs)
             Began as a Deep Elf Ice Elementalist on Oct 4, 2023.
             Was a Believer of Vehumet.
             Slain by an orc warrior
             ... wielding a +0 scimitar
              (15 damage)
             ... on level 8 of the Dungeon on Oct 5, 2023.
             The game lasted 00:33:10 (9848 turns).

Zonian the Thaumaturge (Deep Elf Ice Elementalist)  Turns: 9848, Time: 00:33:11

HP:   0/43 (45)     AC:  7    Str:  5    XL:     9   Next: 41%
MP:   21/24         EV: 19    Int: 23    God:    Vehumet [**....]
Gold: 235           SH:  0    Dex: 17    Spells: 12/26 levels left

rFire   . . .        m - +2 quick blade (vamp)
rCold   + . .        (no shield)
rNeg    . . .        H - +2 robe "Weired" {rPois rC+}
rPois   +            (no helmet)
rElec   .            e - +0 cloak
rCorr   .            (no gloves)
SInv    +            o - +1 pair of boots
Will    .....        (no amulet)
Stlth   +++          E - ring of see invisible
HPRegen 0.27/turn    h - +5 ring of evasion
MPRegen 0.19/turn

%: no passive effects
@: freezing walls, lightly drained
A: no striking features
a: Renounce Religion


You were on level 8 of the Dungeon.
You worshipped Vehumet.
Vehumet was pleased with you.
You visited 2 branches of the dungeon, and saw 9 of its levels.
You also visited: Sewer.

You collected 403 gold pieces.
You spent 168 gold pieces at shops.

Inventory:

Hand Weapons
 c - a +0 short sword of venom
 d - a +1 dagger
 m - a +2 vampiric quick blade (weapon)
 n - a +0 whip of electrocution
 y - a +0 dagger of draining
 z - a +3 dagger of protection
 G - a +2 antimagic scythe
Missiles
 D - 8 poisoned darts
Armour
 a - a +0 robe
 e - a +0 cloak (worn)
 o - a +1 pair of boots (worn)
 s - +0 steam dragon scales
 v - a +1 leather armour of cold resistance
 H - the +2 robe "Weired" (worn) {rPois rC+}
   (You found it on level 6 of the Dungeon)

   rC:        It protects you from cold.
   rPois:     It protects you from poison.
 L - a +0 pair of gloves
Jewellery
 h - a +5 ring of evasion (right hand)
 p - a ring of protection from fire
 E - a ring of see invisible (left hand)
 J - a ring of flight
Wands
 f - a wand of roots (2)
 K - a wand of light (12)
Scrolls
 r - a scroll of silence
 w - 2 scrolls of fog
 F - a scroll of blinking
 I - 2 scrolls of amnesia
Potions
 b - 2 potions of magic
 g - 2 potions of attraction
 i - 5 potions of berserk rage
 j - 2 potions of curing
 k - a potion of lignification
 l - 2 potions of cancellation
 q - 3 potions of heal wounds
 t - 2 potions of flight {unknown}
 u - 5 potions of might
 x - 2 potions of ambrosia
 A - a potion of haste
 B - 2 potions of degeneration
 C - a potion of resistance {unknown}


   Skills:
 + Level 2.4 Short Blades
 - Level 4.5 Dodging
 - Level 4.8 Stealth
 + Level 9.1 Spellcasting
 + Level 3.6 Conjurations
 + Level 5.2 Summonings
 + Level 3.7 Fire Magic
 + Level 8.5 Ice Magic


You had 12 spell levels left.
You knew the following spells:

 Your Spells              Type           Power      Damage    Failure   Level
a - Freeze                Ice            100%       1d10      1%          1
b - Frozen Ramparts       Ice            100%       1d16      1%          3
c - Ozocubu's Armour      Ice            50%        N/A       1%          3
d - Foxfire               Conj/Fire      100%       2x1d9     1%          1
e - Summon Ice Beast      Ice/Summ       42%        N/A       3%          4
f - Momentum Strike       Conj/Tloc      36%        3d9       4%          2

Your spell library contained the following spells:

 Spells                   Type           Power      Damage    Failure   Level
 Stone Arrow              Conj/Erth      36%        3d9       9%          3
 Blink                    Tloc           20%        N/A       10%         2
 Lesser Beckoning         Tloc           20%        N/A       10%         2
 Gell's Gravitas          Tloc           10%        N/A       19%         3
 Teleport Other           Tloc           10%        N/A       19%         3
 Tukima's Dance           Hex            10%        N/A       19%         3
 Vhi's Electric Charge    Tloc/Air       20%        N/A       19%         3
 Manifold Assault         Tloc           10%        N/A       52%         4
 Passage of Golubria      Tloc           10%        N/A       52%         4
 Arcjolt                  Conj/Air       9%         1d19      63%         5
 Yara's Violent Unravell  Hex/Tmut       5%         3d4       86%         5
 Plasma Beam              Fire/Air       9%         2x1d22    99%         6
 Storm Form               Tmut/Air       5%         N/A       100%        7


Dungeon Overview and Level Annotations

Branches:
Dungeon (8/15)             Temple (1/1) D:4           Sewer (visited)
   Lair: D:8-11

Altars:
Cheibriados
Dithmenos
Elyvilon
Fedhas
Gozag
Kikubaaqudgha
Nemelex Xobeh
Okawaru
Qazlal
Ru
Trog
Uskayaw
Vehumet

Shops:
D:3 =   D:4 (   D:7 **(:?

Portals:
Abyss: D:5

Annotations:
D:3 2 runed translucent doors, OlManJenkins's ghost, amateur DgFE
D:5 2 transporters, Kazon's ghost, novice HuFi


Message History

The frozen ramparts melt away as you move.
Unknown command.
You start resting.
Magic restored.
You start resting.
An orc warrior is nearby!
An orc warrior is nearby!
An orc warrior is nearby!
Unknown command.
You start resting.
An orc warrior is nearby!
An orc warrior is nearby!
Unknown command.
The orc shouts!
Unknown command.
Casting: Frozen Ramparts (safe; 1% risk of failure)
Confirm with . or Enter, or press ? or * to list all spells.
Casting: Frozen Ramparts (safe; 1% risk of failure)
Press: ? - help, Dir - look around, f - activate The walls around you are covered in ice.
The wall freezes the orc warrior.
Unknown command.
You completely miss the orc warrior.
The orc warrior is lightly wounded.
The wall freezes the orc warrior but does no damage.
The orc warrior hits you with a +0 scimitar!
The orc shouts!
You hit the orc warrior but do no damage.
The orc warrior is lightly wounded.
The wall freezes the orc warrior!
The orc warrior hits you with a +0 scimitar!
You hit the orc warrior but do no damage.
The orc warrior is heavily wounded.
Unknown command.
You hit the orc warrior but do no damage.
The orc warrior is heavily wounded.
The wall freezes the orc but does no damage.
The wall freezes the orc warrior.
The orc warrior hits you with a +0 scimitar!
You die...

#...# #...# ##...
#...### #....##
####..o.#.
###..o...... ####
#...........
#@o####......###..
##o..#.......# #..
##..o.......# ##.
##.........# ##
##......[..#
#........###
#.......##
#.#...### ##...###
#


You could see an orc warrior and 2 orcs.

Vanquished Creatures
  Prince Ribbit (D:6)
  Sigmund (D:5)
  3 steam dragons (D:6)
  2 sky beasts
  2 ice beasts
  An orc warrior (D:7)
  A black bear (D:6)
  An ogre (D:6)
  A phantom (D:5)
  6 bullfrogs
  3 scorpions
  2 wights (D:8)
  A howler monkey (D:6)
  A hound (D:6)
  2 sleepcaps (D:7)
  An orc priest (D:7)
  Ijyb (D:3)
  2 iguanas
  2 orc wizards (D:5)
  Robin (D:3)
  4 gnolls (D:2)
  17 adders
  2 river rats (Sewer)
  A white imp (D:6)
  2 ufetubi (D:5)
  5 worms
  A dart slug (D:4)
  8 orcs
  3 bats (D:3)
  8 endoplasms
  4 giant cockroaches (D:2)
  11 goblins
  8 hobgoblins
  A jackal (D:2)
  8 quokkas
  19 ball pythons
  5 frilled lizards
  13 kobolds
  24 rats
179 creatures vanquished.

Vanquished Creatures (others)
  15 foxfires
15 creatures vanquished.

Grand Total: 194 creatures vanquished

Notes
Turn   | Place    | Note
-------+----------+-------------------------------------------
     0 | D:1      | Zonian the Deep Elf Ice Elementalist began the quest for
                  | the Orb.
     0 | D:1      | Reached XP level 1. HP: 10/10 MP: 6/6
   344 | D:1      | Reached XP level 2. HP: 15/15 MP: 5/8
   493 | D:1      | Found a faded altar of an unknown god.
  1011 | D:2      | Reached XP level 3. HP: 17/19 MP: 8/10
  1015 | D:2      | Learned a level 3 spell: Frozen Ramparts
  1019 | D:2      | Learned a level 3 spell: Ozocubu's Armour
  1395 | D:3      | Reached XP level 4. HP: 24/24 MP: 9/11
  1460 | D:3      | Found a runed translucent door.
  1502 | D:3      | Noticed Robin
  1586 | D:3      | Noticed OlManJenkins's ghost (amateur DgFE)
  1588 | D:3      | Killed Robin
  1589 | D:3      | Reached skill level 4 in Spellcasting
  1589 | D:3      | Reached skill level 5 in Ice Magic
  1924 | D:2      | Reached XP level 5. HP: 13/28 MP: 13/13
  3175 | D:3      | Noticed Ijyb
  3183 | D:3      | Killed Ijyb
  3250 | D:3      | Found Bigaggaf's Jewellery Boutique.
  3307 | D:3      | Found a runed translucent door.
  3371 | D:4      | Found Feydiag's Antique Weapon Shoppe.
  3865 | D:4      | Found a staircase to the Ecumenical Temple.
  3879 | D:4      | Reached XP level 6. HP: 32/32 MP: 11/15
  3909 | Temple   | Entered the Ecumenical Temple
  3951 | Temple   | Became a worshipper of Vehumet
  4178 | D:5      | Entered Level 5 of the Dungeon
  4192 | D:5      | Reached skill level 5 in Spellcasting
  4435 | D:5      | Found a hide-covered altar of Uskayaw.
  4448 | D:5      | Noticed Sigmund
  4501 | D:5      | Reached skill level 6 in Spellcasting
  4501 | D:5      | Reached XP level 7. HP: 17/36 MP: 11/18
  4734 | D:5      | Found a glowing drain.
  4786 | Sewer    | Entered a sewer
  4946 | Sewer    | Reached * piety under Vehumet
  4946 | Sewer    | Offered knowledge of Foxfire by Vehumet.
  4973 | Sewer    | Learned a level 1 spell: Foxfire
  4978 | Sewer    | Learned a level 4 spell: Summon Ice Beast
  5241 | Sewer    | Reached skill level 1 in Summonings
  5256 | Sewer    | Reached ** piety under Vehumet
  5256 | Sewer    | Offered knowledge of Momentum Strike by Vehumet.
  5454 | Sewer    | Reached skill level 7 in Spellcasting
  5738 | D:5      | Found a transporter.
  5740 | D:5      | Found a transporter.
  5768 | D:5      | Noticed Kazon's ghost (novice HuFi)
  5769 | D:5      | Found a one-way gate to the infinite horrors of the Abyss.
  5942 | D:5      | Killed Sigmund
  6198 | D:6      | Noticed Prince Ribbit
  6210 | D:6      | Killed Prince Ribbit
  6211 | D:6      | Reached XP level 8. HP: 15/41 MP: 16/21
  6486 | D:5      | Identified a scroll of acquirement
  6486 | D:5      | Acquired a +1 vampiric quick blade
  6492 | D:5      | Learned a level 2 spell: Momentum Strike
  6552 | D:6      | Reached skill level 8 in Spellcasting
  6552 | D:6      | Reached skill level 1 in Conjurations
  6552 | D:6      | Reached skill level 1 in Fire Magic
  7490 | D:6      | Identified the +2 robe "Weired" {rPois rC+}
  7602 | D:6      | Found a shadowy altar of Dithmenos.
  7649 | D:6      | Reached skill level 1 in Short Blades
  7844 | D:6      | Reached XP level 9. HP: 36/45 MP: 20/23
  8310 | D:7      | Found Viluynos's Book Shop.
  8361 | D:7      | Found Neacugg's Magic Scroll Shop.
  8365 | D:7      | Bought a scroll of enchant weapon for 90 gold pieces
  8687 | D:7      | Found Kiviblug's General Store.
  8724 | D:7      | Offered knowledge of Stone Arrow by Vehumet.
  8725 | D:7      | Reached skill level 9 in Spellcasting
  8725 | D:7      | Reached skill level 5 in Summonings
  8804 | D:7      | Found Fuodiv's Assorted Antiques.
  8812 | D:7      | Bought a smoky yellow potion for 18 gold pieces
  8812 | D:7      | Bought a scroll labelled HIJATAI PUYNT for 20 gold pieces
  8812 | D:7      | Bought 2 scrolls labelled HIJATAI PUYNT for 40 gold pieces
  8847 | D:7      | Found Sacvow's Antique Weapon Shoppe.
  9848 | D:8      | Slain by an orc warrior

Illustrated notes

Levels and vault maps discovered:
D:1:      pf_arrival_petrified_forest, layout_loops_ring,
          ebering_ecumenical_altar_sacrificial, hangedman_glass_teeth
D:2:      layout_rooms, minmay_misc_feat_enclosed, kennysheep_potato
D:3:      layout_loops_ring, serial_shops, shop, ebering_ghost_sewer_f,
          minmay_goblin_outpost, uniq_robin, uniq_ijyb
D:4:      layout_basic, minmay_temple_entry_glass, serial_shops, shop
D:5:      layout_basic, nicolae_uskayaw_dance_hall,
          gammafunk_ghost_abyssal_escape, cheibrodos_sewer_entry_bend,
          minmay_diced_spiral, uniq_sigmund
D:6:      cheibrodos_steamvent, layout_cave_pods, grunt_dithmenos_smoke,
          uniq_prince_ribbit1
D:7:      layout_loops_ring, serial_shops, shop, shop, nicolae_shop_trees,
          kennysheep_mini_moat, shop
D:8:      layout_cave_pods, uniq_pikel
Temple:   hellmonk_temple_of_storms

Skill      XL: |  1  2  3  4  5  6  7  8  9 |
---------------+----------------------------+-----
Stealth        | 3 4 |  4.8
Dodging        | 3 4 |  4.5
Spellcasting   | 4 6 7 8 9 |  9.1
Ice Magic      | 5 6 7 8 |  8.5
Summonings     | 3 4 5 |  5.2
Conjurations   | 2 3 |  3.6
Fire Magic     | 2 3 |  3.7
Short Blades   | 1 2 |  2.4

Action                     |  1- 3 |  4- 6 |  7- 9 || total
---------------------------+-------+-------+-------++-------
  Melee: Dagger            |    13 |     1 |   129 ||   143
         Unarmed           |     3 |       |       ||     3
         Short sword       |       |   162 |     5 ||   167
         Whip              |       |     9 |       ||     9
         Quick blade       |       |       |   271 ||   271
         Punch             |       |       |     1 ||     1
   Cast: Freeze            |    43 |    19 |    37 ||    99
         Frozen Ramparts   |       |     4 |    17 ||    21
         Ozocubu's Armour  |       |       |     5 ||     5
         Foxfire           |       |       |    11 ||    11
  Evoke: Wand              |       |       |     1 ||     1
    Use: Scroll            |     4 |     6 |    17 ||    27
         Potion            |       |     2 |     5 ||     7
   Stab: Sleeping          |       |     9 |     3 ||    12
 Armour: Robe              |     5 |    35 |    21 ||    61
         Leather armour    |       |    10 |    73 ||    83
         Steam dragon scal |       |       |     6 ||     6
  Dodge: Dodged            |    33 |   160 |   383 ||   576
